 Dungeon Crawl Stone Soup version 0.28-a0-909-g796cbd3a86 (webtiles) character file.

Game seed: 3274498975832126592

87 ytrimaz the Skirmisher (level 4, -12/37 HPs)
             Began as a Demonspawn Berserker on Nov 24, 2021.
             Was a Follower of Trog.
             Mangled by Crazy Yiuf (17 damage)
             ... on level 3 of the Dungeon.
             The game lasted 00:02:19 (2400 turns).

ytrimaz the Skirmisher (Demonspawn Berserker)       Turns: 2400, Time: 00:02:20

Health: -12/37     AC:  5    Str: 19    XL:     4   Next: 28%
Magic:  4/4        EV: 12    Int:  8    God:    Trog [*.....]
Gold:   101        SH:  0    Dex: 12    Spells: 3/3 levels left

rFire   . . .      SeeInvis .   a - +0 hand axe
rCold   . . .      Faith    .   (no shield)
rNeg    . . .      Spirit   .   b - +0 animal skin
rPois   .          Reflect  .   (no helmet)
rElec   .          Harm     .   l - scarf {repulsion}
rCorr   +          Rampage  .   (no gloves)
Will    .....                   h - +0 pair of boots
Stlth   +.........              (no amulet)
HPRegen 0.12/turn               i - ring of resist corrosion
MPRegen 0.09/turn               (no ring)

@: slowed, invisible, repel missiles, very slow
A: yellow scales 1, foul stench 1
a: Renounce Religion, Berserk


You were on level 3 of the Dungeon.
You worshipped Trog.
Trog was aware of your devotion.
You visited 1 branch of the dungeon, and saw 3 of its levels.

You collected 101 gold pieces.

Inventory:

Hand Weapons
 a - a +0 hand axe (weapon)
Missiles
 k - a throwing net (quivered)
Armour
 b - a +0 animal skin (worn)
 h - a +0 pair of boots (worn)
 l - a scarf of repulsion (worn)
Jewellery
 i - a ring of resist corrosion (left hand)
Wands
 n - a wand of polymorph (8)
Scrolls
 c - a scroll of acquirement
 e - a scroll of blinking
Potions
 d - a potion of curing
 f - 2 potions of heal wounds {unknown}
 g - a potion of flight {unknown}
 j - a potion of lignification {unknown}
 m - 2 potions of brilliance {unknown}
 o - a potion of degeneration {unknown}
 p - a potion of might {unknown}


   Skills:
 + Level 3.8 Fighting
 + Level 3.7 Axes
 + Level 2.0 Armour
 + Level 2.3 Dodging


You had 3 spell levels left.
You didn't know any spells.
Your spell library was empty.

Dungeon Overview and Level Annotations

Branches:
Dungeon (3/15)

Altars:

Annotations:
D:3 Crazy Yiuf


Innate Abilities, Weirdness & Mutations

You are partially covered in yellow scales. (AC +2)
You may rarely emit foul miasma when damaged in melee.


Message History

You see here a +0 dagger.
Things that are here:
a +0 club; a +0 hunting sling; 21 stones
Things that are here:
a +0 dagger; a +0 hunting sling; 18 stones You see here a +0 club.
There is an escape hatch in the floor here.
There is an escape hatch in the floor here.
Key pressed, stopping explore.
Things that are here:
17 arrows; a +0 pair of gloves You see here a +0 dagger.
Could not explore, unopened runed door.
Could not explore, unopened runed door.
You open the door.
Crazy Yiuf shouts!
You hit Crazy Yiuf but do no damage. Crazy Yiuf closely misses you.
You closely miss Crazy Yiuf.
Crazy Yiuf glowers.
Crazy Yiuf hits you with a +4 quarterstaff of chaos!
You feel yourself slow down.
You hit Crazy Yiuf.
Crazy Yiuf is moderately wounded.
Crazy Yiuf whimpers, "Ten!"
Crazy Yiuf hits you with a +4 quarterstaff of chaos.
You are poisoned.
Crazy Yiuf misses you.
You barely miss Crazy Yiuf.
Crazy Yiuf is moderately wounded.
You feel very sick. Crazy Yiuf completely misses you.
Crazy Yiuf hits you with a +4 quarterstaff of chaos!
* * * LOW HITPOINT WARNING * * *
You fade into invisibility!
Okay, then.
You feel better.
Crazy Yiuf hits you with a +4 quarterstaff of chaos!
* * * LOW HITPOINT WARNING * * *
You are electrocuted!
You die...

########## ###
♣♣#### .........#
#)..#♣♣ ♣♣..#.##
.........#
#...g@♣♣♣♣......#
.........#
#...#♣..♣.......#
.........# ###
♣♣♣.♣...##.#
.........#
♣♣♣♣♣##..#
.........# #.##
.........#
########### ##.#
##.#....##
#....##...###..#
##......#
#....###.(....##
..##.#### #.<..#
#......#


You could see Crazy Yiuf.

Vanquished Creatures
  An iguana (D:3)
  Robin (D:3)
  An adder (D:2)
  A worm (D:3)
  3 endoplasms (D:1)
  A giant cockroach (D:1)
  9 goblins
  6 hobgoblins
  3 kobolds (D:1)
  4 ball pythons
  3 bats
  2 frilled lizards
  5 rats
40 creatures vanquished.

Vanquished Creatures (others)
  A goblin (D:3)
1 creature vanquished.

Grand Total: 41 creatures vanquished

Notes
Turn   | Place    | Note
-------+----------+-------------------------------------------
     0 | D:1      | ytrimaz the Demonspawn Berserker began the quest for the
                  | Orb.
     0 | D:1      | Reached XP level 1. HP: 18/18 MP: 1/1
   161 | D:1      | Found a faded altar of an unknown god.
   214 | D:1      | Gained mutation: You may rarely emit foul miasma when
                  | damaged in melee. [demonic ancestry]
   214 | D:1      | Reached XP level 2. HP: 13/24 MP: 2/2
  1130 | D:2      | Reached XP level 3. HP: 20/29 MP: 3/3
  1682 | D:3      | Identified a scroll of acquirement
  1702 | D:3      | Identified the -7 helmet "Noiweurch" {Dex+2}
  1702 | D:3      | Noticed Robin
  1716 | D:3      | Gained mutation: You are partially covered in yellow
                  | scales. (AC +2) [demonic ancestry]
  1716 | D:3      | Reached XP level 4. HP: 13/37 MP: 4/4
  1717 | D:3      | Killed Robin
  1717 | D:3      | Reached ** piety under Trog
  2026 | D:3      | Found a runed translucent door.
  2027 | D:3      | Noticed Crazy Yiuf
  2400 | D:3      | Mangled by Crazy Yiuf

Illustrated notes

Levels and vault maps discovered:
D:1:      dpeg_arrival_more_subterranean_lakeside_camping, layout_basic,
          hellmonk_ecumenical_altar_slurped_away
D:2:      minmay_roachtagon, layout_basic, serial_bayou_pond_e,
          minmay_close_crescents
D:3:      layout_basic, uniq_crazy_yiuf_cottage, uniq_robin

Skill      XL: |  1  2 |
---------------+-------+-----
Axes           | 3 |  3.7
Dodging        | 2 |  2.3
Armour         | 2 |  2.0
Fighting       | |  3.8

Action                   |  1- 3 |  4- 6 || total
-------------------------+-------+-------++-------
Melee: Hand axe          |    78 |     7 ||    85
Invok: Berserk           |     1 |       ||     1
  Use: Scroll            |     3 |       ||     3
       Potion            |       |     1 ||     1
 Stab: Sleeping          |     2 |       ||     2
Armor: Animal skin       |    29 |       ||    29
Dodge: Dodged            |    86 |     5 ||    91

Table legend: (Time is in decaauts)
 A = Elapsed time spent in this place.
 B = Non-inter-level travel time spent in this place.
 C = Inter-level travel time spent in this place.
 D = Time resting spent in this place.
 E = Time spent auto-exploring this place.
 F = Levels seen in this place.
 G = Mean time per level.
                   A        B        C        D        E       F      G
               +--------+--------+--------+--------+--------+-----+--------+
         Total |   2421 |   2323 |     98 |    457 |   1558 |   3 |  807.0 |
       Dungeon |   2421 |   2323 |     98 |    457 |   1558 |   3 |  807.0 |
               +--------+--------+--------+--------+--------+-----+--------+

Top non-repeatable levels by time:
     D:1: 1036 daAuts
     D:3: 1025 daAuts
     D:2: 360 daAuts
